 Dungeon Crawl Stone Soup version 0.23.2-33-g5129a83184 (webtiles) character file.

Game seed: 6553673988762069979

26418 DungeonDestroyer the Severer (level 12, -3/110 HPs)
             Began as a Minotaur Fighter on July 28, 2019.
             Was a High Priest of Okawaru.
             Slain by a wolf spider (16 damage)
             ... on level 13 of the Dungeon on July 29, 2019.
             The game lasted 00:42:42 (13505 turns).

DungeonDestroyer the Severer (Minotaur Fighter)    Turns: 13505, Time: 00:42:43

Health: -3/110     AC: 25    Str: 23    XL:     12   Next: 98%
Magic:  12/14      EV: 10    Int:  9    God:    Okawaru [*****.]
Gold:   204        SH:  8    Dex: 13    Spells: 11/11 levels left

rFire    . . .     SeeInvis +   A - +2 broad axe
rCold    . . .     Gourm    .   k - +0 buckler of the Great Game {rElec MR+}
rNeg     + . .     Faith    .   x - +1 plate armour
rPois    .         Spirit   .   (helmet restricted)
rElec    +         Reflect  .   m - +0 cloak of Bougass {-Cast Int+4}
rCorr    .         Harm     .   C - +0 pair of gloves
MR       +....     NoCast   +   i - +2 pair of boots
Stlth    ..........             (no amulet)
HPRegen  0.28/turn              s - ring of positive energy
MPRegen  0.14/turn              v - ring of see invisible

@: heroism
A: retaliatory headbutt, horns 2
a: Heroism, Finesse, Renounce Religion


You were on level 13 of the Dungeon.
You worshipped Okawaru.
Okawaru was extremely pleased with you.
You were very full.

You visited 2 branches of the dungeon, and saw 14 of its levels.

You collected 666 gold pieces.
You spent 462 gold pieces at shops.

Inventory:

Hand Weapons
 w - a +2 flail of crushing
 z - a +3 war axe of holy wrath
 A - a +2 broad axe (weapon)
 D - a +1 hand axe of flaming
Armour
 c - a +0 shield
 i - a +2 pair of boots (worn)
 k - the +0 buckler of the Great Game (worn) {rElec MR+}
   (You took it off a kobold demonologist on level 12 of the Dungeon)

   It insulates you from electricity.
   It affects your resistance to hostile enchantments.
 m - the +0 cloak of Bougass (worn) {-Cast Int+4}
   (You found it on level 10 of the Dungeon)

   It affects your intelligence (+4).
   It prevents spellcasting.
 x - a +1 plate armour (worn)
 C - a +0 pair of gloves (worn)
Jewellery
 s - a ring of positive energy (left hand)
 v - a ring of see invisible (right hand)
Wands
 d - a wand of digging (5)
 n - a wand of flame (26)
 r - a wand of paralysis (7)
 t - a wand of clouds (7)
 E - a wand of enslavement (9)
Scrolls
 b - 3 scrolls of blinking
 e - 3 scrolls of fear
 g - 2 scrolls of remove curse
 h - 3 scrolls of identify
 q - 7 scrolls of magic mapping
 y - 3 scrolls of teleportation
 G - a scroll of holy word
Potions
 a - a potion of might
 j - 2 potions of heal wounds
 l - 3 potions of curing
 o - 3 potions of magic
 p - a potion of flight
 B - a potion of haste
 F - a potion of berserk rage
Comestibles
 f - 19 rations
 u - 4 chunks of flesh


   Skills:
 + Level 11.4(16.4) Fighting
 + Level 15.9(20.9) Axes
 + Level 0.4(15.7) Maces & Flails
 + Level 11.4(16.4) Armour
 + Level 13.2(18.2) Shields
 * Level 4.7 Invocations


You had 11 spell levels left.
You didn't know any spells.
Your spell library contained the following spells:

 Spells                   Type           Power        Failure   Level  Hunger
 Confusing Touch          Hex            #.....       97%         1    ##.....
 Magic Dart               Conj           #...         97%         1    ##.....
 Blink                    Tloc           N/A          99%         2    ###....
 Call Imp                 Summ           #.......     99%         2    ###....
 Searing Ray              Conj           #.....       99%         2    ###....
 Slow                     Hex            #.......     99%         2    ###....
 Confuse                  Hex            #.......     100%        3    ####...
 Conjure Flame            Conj/Fire      #.......     100%        3    ####...
 Dazzling Spray           Conj/Hex       #.....       100%        3    ####...
 Gell's Gravitas          Tloc           #.........   100%        3    ####...
 Mephitic Cloud           Conj/Pois/Air  #.......     100%        3    ####...
 Force Lance              Conj/Tloc      #.......     100%        4    #####..
 Fulminant Prism          Conj/Hex       #.........   100%        4    #####..
 Iskenderun's Mystic Bla  Conj           #.......     100%        4    #####..
 Petrify                  Tmut/Erth      #.......     100%        4    #####..
 Metabolic Englaciation   Hex/Ice        #.........   100%        5    ######.
 Yara's Violent Unravell  Hex/Tmut       #.........   100%        5    ######.


Dungeon Overview and Level Annotations

Branches:
Dungeon (13/15)            Temple (1/1) D:6            Lair (0/6) D:10
    Orc (0/2) D:12
 Vaults: D:13-14

Altars:
Ashenzari
Cheibriados
Dithmenos
Elyvilon
Fedhas
Gozag
Hepliaklqana
Kikubaaqudgha
Makhleb
Nemelex Xobeh
Okawaru
Qazlal
Ru
Sif Muna
Trog
Uskayaw
Vehumet
Wu Jian
Xom
Yredelemnul
Zin
The Shining One
Beogh

Shops:
D:12 [%?}*


Innate Abilities, Weirdness & Mutations

You reflexively headbutt those who attack you in melee.
You have a pair of horns on your head.


Message History

The wolf spider is heavily wounded.
You block the wolf spider's attack.
The wolf spider bites you but does no damage.
The wolf spider hits you! You block the wolf spider's attack.
You hit the wolf spider.
The wolf spider is heavily wounded.
The wolf spider hits you but does no damage.
The wolf spider bites you!
You barely miss the wolf spider. You headbutt the wolf spider!
The wolf spider is severely wounded.
The wolf spider hits you!
* * * LOW HITPOINT WARNING * * *
The wolf spider bites you!
* * * LOW HITPOINT WARNING * * *
Unknown command.
You gain the combat prowess of a mighty hero.
The wolf spider hits you!
* * * LOW HITPOINT WARNING * * *
The wolf spider closely misses you. The wolf spider hits you!
You die...

##.#....# *.*,*,***
#......###.*,*********
*********##.........,,,,,,,,,,,
*,,,,,,,,*#.......#,**,**,,,,,,
*,,,,,,,,*#.......#,,,,,*,,,,,,
*,,,,,,,,*##..##..#***,,,,,,,,,
*,,,,,,,,*##..##..# *,,,,,,,,,
*,,,,,,,,*#..>.s..#***,,,,,,,,,
###.,,,,,,,*#...@##.....J,,,,,,,,
.....,,,,,,,#....#**##...,*,,,,**
###..,,,,,,,#....#*,,,,,x,*,,,,*
*,,,,,,,,,#....#*,**,,,,*,,,,*
*,,,,,,,,,#....#*,,+,,,,,,,,,*
*********,#....#****,,,,******
*,+....# *,,,,* **#....# *,,,,*
#...## *,,,,*


You could see a wolf spider.

Vanquished Creatures
  Nessos (D:12)
  The ghost of t4s4d4r the Fighter, a novice OgNe of Kikubaaqudgha (D:10)
  Harold (D:7)
  A hydra (D:11)
  A two-headed ogre (D:8)
  2 death knights (D:12)
  2 phantasmal warriors (D:11)
  A deep elf mage (D:13)
  3 ugly things
  2 cyclopes
  2 centaur zombies
  4 gargoyles
  8 kobold demonologists
  A freezing wraith (D:11)
  A meliai (D:13)
  A troll (D:13)
  A hornet (D:9)
  Prince Ribbit (D:5)
  3 slime creatures (D:13)
  5 hippogriffs
  A meliai zombie (D:13)
  A wyvern (D:8)
  2 wraiths (D:12)
  A basilisk (D:10)
  9 yaks
  3 hungry ghosts
  A steam dragon (D:10)
  4 wargs
  2 acid dragons (D:13)
  A soldier ant (D:13)
  2 water moccasins
  3 black bears
  6 ice beasts
  A phantom (D:10)
  9 sky beasts
  An eye of draining (D:10)
  10 orc warriors
  9 ogres
  A necrophage (D:13)
  12 centaurs
  2 crocodiles
  A big kobold (D:10)
  9 bullfrogs
  A wyvern zombie (D:12)
  2 water moccasin zombies
  A scorpion (D:10)
  9 killer bees
  3 wights (D:10)
  3 howler monkeys
  8 crimson imps
  A quasit (D:8)
  6 hounds
  7 orc priests
  3 jellies
  4 centaur skeletons
  4 iguanas
  15 orc wizards
  11 worker ants
  A hound zombie (D:5)
  2 hound skeletons
  A howler monkey skeleton (D:8)
  19 adders
  11 gnolls
  6 shadow imps
  An ooze (D:4)
  An adder zombie (D:8)
  2 adder skeletons
  3 worms
  2 dart slugs
  5 leopard geckos
  46 orcs
  7 bats
  3 giant cockroaches
  7 goblins
  15 hobgoblins
  7 jackals
  15 kobolds
  3 quokkas
  2 ball pythons
  7 frilled lizards
  A jackal zombie (D:5)
  A leopard gecko skeleton (D:4)
  A quokka zombie (D:5)
  11 rats
391 creatures vanquished.

Vanquished Creatures (others)
  3 kobolds (D:10)
3 creatures vanquished.

Grand Total: 394 creatures vanquished

Notes
Turn   | Place    | Note
-------+----------+-------------------------------------------
     0 | D:1      | DungeonDestroyer the Minotaur Fighter began the quest for
                  | the Orb.
     0 | D:1      | Reached XP level 1. HP: 19/19 MP: 0/0
    27 | D:1      | Reached XP level 2. HP: 21/27 MP: 1/1
   400 | D:1      | Reached skill level 5 in Fighting
   400 | D:1      | Reached skill level 6 in Axes
   400 | D:1      | Reached XP level 3. HP: 33/37 MP: 2/2
   401 | D:1      | Reached skill level 9 in Axes
   401 | D:1      | Reached XP level 4. HP: 43/47 MP: 3/3
   418 | D:1      | You fall through a shaft!
   498 | D:2      | Reached XP level 5. HP: 52/52 MP: 4/4
   725 | D:2      | Found a basalt altar of Yredelemnul.
  2056 | D:4      | Reached XP level 6. HP: 60/60 MP: 5/5
  2695 | D:5      | Entered Level 5 of the Dungeon
  2707 | D:5      | Reached XP level 7. HP: 55/66 MP: 6/6
  2722 | D:5      | Noticed Prince Ribbit
  2736 | D:5      | Killed Prince Ribbit
  2736 | D:5      | Reached skill level 10 in Axes
  2736 | D:5      | Reached skill level 10 in Shields
  2949 | D:5      | Found a shimmering altar of Xom.
  3029 | D:5      | Found a sacrificial altar of Ru.
  3072 | D:5      | Reached XP level 8. HP: 58/74 MP: 7/7
  4105 | D:6      | Found a staircase to the Ecumenical Temple.
  4571 | D:6      | Reached XP level 9. HP: 76/81 MP: 8/8
  4933 | D:6      | Reached skill level 11 in Axes
  4954 | D:6      | Found a deep blue altar of Sif Muna.
  4954 | D:6      | Found a shimmering altar of Xom.
  5050 | D:6      | Found a shadowy altar of Dithmenos.
  5050 | D:6      | Found a glowing golden altar of the Shining One.
  5384 | D:7      | Found a shattered altar of Ashenzari.
  5390 | D:7      | Noticed Harold
  5420 | D:7      | Killed Harold
  5742 | Temple   | Entered the Ecumenical Temple
  5793 | Temple   | Became a worshipper of Warmaster Okawaru
  6251 | D:8      | Noticed a two-headed ogre
  6256 | D:8      | Killed a two-headed ogre
  6256 | D:8      | Reached * piety under Okawaru
  6256 | D:8      | Reached skill level 12 in Axes
  6256 | D:8      | Reached XP level 10. HP: 69/90 MP: 9/9
  6800 | D:8      | Reached ** piety under Okawaru
  7063 | D:8      | Found a burning altar of Makhleb.
  7592 | D:9      | Identified a scroll of acquirement
  7593 | D:9      | Got a pair of distressingly furry boots
  7594 | D:9      | Identified the +2 pair of boots "Bygetwen" {MR++ Str-5 SInv
                  | Stlth+} (You acquired it on level 9 of the Dungeon)
  7725 | D:9      | Paralysed by a hornet for 1 turns
  7829 | D:9      | Reached *** piety under Okawaru
  7829 | D:9      | Reached skill level 13 in Axes
  7969 | D:10     | Entered Level 10 of the Dungeon
  8011 | D:10     | Reached XP level 11. HP: 97/97 MP: 10/10
  8017 | D:10     | Found a staircase to the Lair.
  8038 | D:10     | Reached **** piety under Okawaru
  8191 | D:10     | Reached skill level 10 in Armour
  8611 | D:10     | Noticed t4s4d4r's ghost (novice OgNe)
  8612 | D:10     | Found a runed translucent gate.
  8612 | D:10     | Identified the cursed +1 spear of Upuepil {pain, rN+ Int+4}
  8613 | D:10     | Found a runed translucent gate.
  8614 | D:10     | Found a roughly hewn altar of Beogh.
  8614 | D:10     | Found a runed translucent gate.
  8924 | D:11     | Noticed a white ugly thing
  8934 | D:11     | Reached skill level 14 in Axes
  8939 | D:11     | Reached skill level 10 in Fighting
  8954 | D:10     | Reached ***** piety under Okawaru
  9421 | D:10     | Killed a white ugly thing
  9680 | D:11     | Found a stormy altar of Qazlal.
  9743 | D:11     | Noticed a white ugly thing
  9756 | D:11     | Killed a white ugly thing
  9784 | D:11     | HP: 2/100 [orc warrior/+0 hand axe (7)]
 10335 | D:11     | You fall through a shaft!
 10620 | D:12     | Reached skill level 1 in Invocations
 10632 | D:12     | Noticed a soul eater
 10645 | D:12     | Identified the cursed +0 buckler of the Great Game {rElec
                  | MR+}
 10672 | D:12     | Reached XP level 12. HP: 72/107 MP: 12/12
 10843 | D:12     | Found a staircase to the Orcish Mines.
 10885 | D:12     | Found Sech's General Store.
 10907 | D:12     | Bought a ration for 80 gold pieces
 10907 | D:12     | Bought a scroll of identify for 32 gold pieces
 10907 | D:12     | Bought a ration for 80 gold pieces
 10915 | D:12     | Found Xunwud's Gadget Shop.
 10925 | D:12     | Bought a wand of digging (5) for 270 gold pieces
 10971 | D:12     | Noticed Nessos
 10978 | D:12     | Noticed a death knight
 10985 | D:12     | Killed Nessos
 10985 | D:12     | Reached skill level 15 in Axes
 11001 | D:12     | Killed a death knight
 11007 | D:12     | Noticed a death knight
 11009 | D:12     | Received a gift from Okawaru
 11383 | D:11     | Noticed a six-headed hydra
 11393 | D:11     | Killed a six-headed hydra
 11702 | D:10     | Killed t4s4d4r's ghost
 11749 | D:10     | Identified the +0 cloak of Bougass {-Cast Int+4} (You found
                  | it on level 10 of the Dungeon)
 12315 | D:12     | Killed a death knight
 12524 | D:12     | Found Erghoalea's Antique Armour Boutique.
 12582 | D:12     | Found Hunt's Food Shoppe.
 12697 | D:12     | Found Mevexis's Magic Scroll Emporium.
 12938 | D:13     | Received a gift from Okawaru
 13304 | D:13     | Reached ****** piety under Okawaru
 13505 | D:13     | Slain by a wolf spider

Skill      XL: |  1  2  3  4  5  6  7  8  9 10 11 12 |
---------------+-------------------------------------+-----
Shields        | 7 9 10 11 12 13 | 13.2
Armour         | 6 7 8 9 10 11 | 11.4
Fighting       | 5 7 8 9 10 11 | 11.4
Axes           | 6 9 10 12 13 14 15 | 15.9
Invocations    | 1 4 |  4.7
Maces & Flails | |  0.4

Action                   |  1- 3 |  4- 6 |  7- 9 | 10-12 || total
-------------------------+-------+-------+-------+-------++-------
Melee: War axe           |    52 |   177 |   258 |   532 ||  1019
       Headbutt          |     6 |    31 |    50 |   161 ||   248
       Broad axe         |       |       |       |   183 ||   183
       Flail             |       |       |       |     6 ||     6
Invok: Heroism           |       |       |       |    11 ||    11
       Finesse           |       |       |       |     1 ||     1
  Use: Potion            |     2 |     6 |     7 |     8 ||    23
       Scroll            |     1 |     9 |     4 |    17 ||    31
  Eat: Chunk             |       |     5 |     5 |     3 ||    13
       Ration            |       |     2 |       |    11 ||    13
Armor: Scale mail        |    30 |     4 |       |       ||    34
       Chain mail        |       |    73 |    67 |       ||   140
       Plate armour      |       |       |    32 |   367 ||   399
Dodge: Dodged            |    20 |    35 |    44 |   168 ||   267
Block: Shield            |    33 |    93 |   120 |   396 ||   642
       Buckler           |       |       |       |    41 ||    41
